Map: Automaton LE

Players

Arcane - Winner!

  • Race: Protoss Protoss
  • League: Diamond
  • Spawn Location: 9:00

FearCat

  • Race: Terran Terran
  • League: Platinum
  • Spawn Location: 3:00

VOD

Have the link to the VOD?

Description

Time

  • Played on: March 21, 2019, 10:35 p.m.
  • Length: 10:27
Show
View Real Time Build Order
Export as new Build Order

Arcane Protoss - Winner!

Build Orders: Blink Stalkers 

Get SALT Encoding   

  12  0:00  Probe  
  13  0:12  Probe  
  14  0:18  Pylon  
  14  0:25  Probe  
  15  0:36  Probe  
  15  0:37  Gateway  
  16  0:44  Probe  
  17  0:54  Probe  
  18  0:58  Assimilator  
  18  1:06  Probe  
  19  1:18  Probe  
  20  1:36  Cybernetics Core  
  20  1:37  Probe  
  21  1:40  Pylon  
  21  1:41  Assimilator  
  21  1:49  Probe  
  22  1:57  Gateway  
  22  2:01  Probe  
  22  2:03  Stalker  
  23  2:13  Probe  
  23  2:15  Warp Gate  
  26  2:25  Probe  
  27  2:31  Nexus  
  26  2:41  Probe  
  26  2:43  Stalker  
  29  2:53  Probe  
  30  3:05  Pylon  
  30  3:23  Stalker x2, Probe  
  30  3:24  Pylon  
  35  3:31  Twilight Council  
  35  3:36  Probe  
  35  3:41  Probe  
  36  3:44  Probe  
  36  3:45  Pylon  
  36  3:48  Blink  
  37  3:49  Probe  
  37  3:52  Probe  
  37  3:54  Sentry  
  41  3:59  Probe  
  43  4:05  Probe  
  44  4:11  Probe  
  45  4:17  Probe  
  45  4:20  Pylon  
  45  4:23  Probe  
  43  4:29  Probe  
  44  4:35  Probe  
  45  4:39  Stalker, Robotics Facility  
  45  4:40  Sentry  
  45  4:41  Probe  
  50  4:47  Assimilator, Probe  
  50  4:49  Assimilator  
  50  4:52  Shield Battery  
  51  4:53  Probe  
  52  5:06  Stalker x2  
  56  5:09  Probe x2  
  58  5:22  Probe x2  
  60  5:34  Probe  
  60  5:35  Probe  
  62  5:36  Charge  
  62  5:38  Gateway x2  
  62  5:50  Warp Prism  
  62  5:52  Nexus  
  62  5:57  Gateway  
  62  5:58  Gateway x2  
  62  5:59  Gateway  
  64  6:15  Probe x2  
  66  6:23  Pylon  
  66  6:26  Forge  
  66  6:27  Probe  
  66  6:29  Pylon  
  66  6:31  Observer  
  66  6:32  Pylon  
  68  6:34  Pylon  
  68  6:39  Protoss Ground Weapons Level 1  
  68  6:40  Zealot x3  
  74  6:52  Observer  
  75  6:59  Pylon  
  75  7:02  Probe  
  75  7:03  Probe  
  75  7:05  Probe  
  75  7:07  Zealot x5  
  88  7:14  Observer, Probe  
  90  7:21  Probe x2  
  92  7:24  Shield Battery  
  92  7:27  Probe  
  92  7:29  Templar Archives  
  93  7:33  Zealot x3, Probe x2  
  93  7:35  Observer  
  100  7:50  Zealot x5  
  81  8:17  High Templar x3  
  81  8:18  High Templar  
  81  8:19  Zealot x4  
  97  8:23  Archon x2  
  97  8:34  Probe x3  
  97  8:36  Assimilator  
  97  8:40  Assimilator  
  92  8:42  Pylon  
  92  8:46  Pylon  
  84  8:50  Zealot x8  
  96  8:56  Probe x2, Gateway  
  96  8:57  Probe, Gateway  
  96  8:59  Gateway  
  96  9:02  Pylon  
  95  9:04  Pylon  
  95  9:05  Stargate  
  91  9:17  High Templar x4  
  91  9:18  High Templar x2  
  91  9:19  Zealot x2  
  91  9:22  Archon x3  
  104  9:24  Probe x3  
  104  9:27  Photon Cannon  
  106  9:40  Nexus  
  106  9:53  Zealot x7  
  106  9:54  Zealot x3  
  116  10:15  Assimilator  
  116  10:17  Fleet Beacon  
  116  10:19  Assimilator  
  116  10:20  Stargate  
  116  10:21  Pylon  
  116  10:23  Stargate  
  114  10:24  Pylon  
  114  10:25  Stargate  
Show
View Real Time Build Order
Export as new Build Order

FearCat Terran 

Build Orders:  

Get SALT Encoding   

  12  0:01  SCV  
  13  0:13  SCV  
  14  0:19  Supply Depot  
  14  0:29  SCV  
  14  0:33  Refinery  
  15  0:44  SCV  
  16  0:54  Barracks  
  16  0:56  SCV  
  17  1:08  SCV  
  18  1:18  Supply Depot  
  18  1:26  SCV  
  19  1:41  Orbital Command  
  19  1:53  Factory  
  19  1:56  Reaper  
  20  2:07  SCV  
  21  2:19  SCV  
  22  2:29  Command Center  
  22  2:31  SCV  
  23  2:48  SCV  
  24  2:56  Factory  
  24  3:00  SCV  
  24  3:04  Refinery  
  25  3:12  SCV  
  26  3:14  Factory Reactor  
  26  3:24  SCV  
  26  3:26  Armory  
  27  3:37  SCV  
  28  3:42  Factory Tech Lab  
  28  3:47  Orbital Command  
  28  3:50  Command Center  
  28  3:51  SCV  
  29  3:56  Widow Mine x2  
  32  4:14  Siege Tank  
  35  4:28  Hellbat x2  
  39  4:31  Drilling Claws  
  39  4:32  SCV  
  39  4:33  SCV  
  39  4:38  Starport  
  41  4:45  SCV x2  
  43  4:52  Hellbat  
  45  4:57  SCV  
  46  5:01  SCV, Hellbat  
  50  5:08  Engineering Bay  
  50  5:09  SCV  
  50  5:13  SCV, Siege Tank  
  54  5:17  SCV, Starport Reactor  
  54  5:21  SCV  
  56  5:27  SCV  
  57  5:29  SCV  
  57  5:34  SCV  
  59  5:38  Missile Turret  
  59  5:41  Hellbat  
  61  5:47  Supply Depot  
  61  5:57  Missile Turret  
  61  5:59  Missile Turret  
  61  6:04  Orbital Command  
  61  6:08  Viking, SCV x2  
  61  6:09  Hellbat  
  61  6:11  Missile Turret, Hellion  
  67  6:15  Terran Vehicle Weapons Level 1  
  69  6:22  Supply Depot  
  69  6:23  Supply Depot  
  69  6:35  Supply Depot  
  69  6:43  SCV x3, Hellion, Siege Tank  
  69  6:44  Viking x2  
  81  6:47  Supply Depot  
  81  6:48  Refinery  
  81  6:51  Refinery  
  81  6:55  SCV x3  
  84  7:07  SCV x3  
  87  7:14  Viking, Refinery  
  89  7:16  Refinery  
  89  7:19  SCV x3  
  92  7:25  Widow Mine x2  
  92  7:26  Siege Tank  
  92  7:27  Command Center  
  98  7:32  SCV x2  
  98  7:50  Hellbat  
  98  7:51  Hellbat  
  79  7:58  Siege Tank  
  79  8:03  SCV  
  79  8:04  SCV  
  75  8:10  Viking x2  
  75  8:12  Hellbat x2  
  76  8:13  Supply Depot  
  66  8:29  Factory  
  66  8:30  Missile Turret, Siege Tank, Factory  
  69  8:40  Viking  
  62  8:51  Viking  
  52  9:02  Siege Tank  
  47  9:15  Liberator  
  45  9:22  Supply Depot  
  45  9:34  SCV, Siege Tank  
  56  10:00  Hellbat x2  
Tags
 
Add a new tag
Caveats
  • Supply blocks, unpowered buildings, or Contaminate may cause inaccurate times.
  • Supply counts are checked every 10 seconds.